 Dungeon Crawl Stone Soup version 0.20.2-3-g29329e0561 (webtiles) character file.

1516 Alfie the Archer (level 8, -9/70 HPs)
             Began as a Minotaur Hunter on June 8, 2020.
             Mangled by Gastronok (14 damage)
             ... on level 8 of the Dungeon.
             The game lasted 00:21:13 (6397 turns).

Alfie the Archer (Minotaur Hunter)                  Turns: 6397, Time: 00:21:13

Health: -9/70      AC:  8    Str: 19    XL:     8   Next: 54%
Magic:  7/7        EV: 10    Int:  8    God:
Gold:   361        SH:  0    Dex: 11    Spells: 5/7 levels left

rFire    . . .     SeeInvis .   b - +1 short sword
rCold    . . .     Gourm    .   (no shield)
rNeg     . . .     Faith    .   j - +1 scale mail
rPois    .         Spirit   .   (helmet restricted)
rElec    .         Reflect  .   (no cloak)
rCorr    .         Harm     .   (no gloves)
MR       +....                  (no boots)
Stlth    ..........             (no amulet)
Regen    0.3/turn               l - ring of protection from magic
MPRegen  0.1/turn               (no ring)

@: drained
A: retaliatory headbutt, horns 2
a: no special abilities


You were on level 8 of the Dungeon.
You were not hungry.

You visited 1 branch of the dungeon, and saw 8 of its levels.

You collected 361 gold pieces.

Inventory:

Hand Weapons
 a - a +2 shortbow
 b - a +1 short sword (weapon)
Missiles
 d - 51 arrows
 n - 4 tomahawks of returning (quivered)
Armour
 j - a +1 scale mail (worn)
Jewellery
 l - a ring of protection from magic (left hand)
Wands
 o - a wand of acid (8/15)
 B - a wand of paralysis (14/24)
 C - a wand of flame (27/48)
 E - a wand of lightning (15/15)
Scrolls
 h - 3 scrolls of identify
 q - 4 scrolls of teleportation
 y - a scroll of remove curse
 z - a scroll of fear
 D - a scroll of enchant weapon
Potions
 c - a potion of cancellation {unknown}
 e - 3 potions of heal wounds
 i - a potion of lignification
 k - 3 potions of curing
 m - a potion of haste
 p - a potion of invisibility
 r - 2 potions of brilliance
 s - 2 potions of might
 w - a potion of berserk rage
Books
 g - a book of Cantrips

   Spells                             Type                      Level
   a - Confusing Touch                Hexes                        1
   b - Animate Skeleton               Necromancy                   1
   c - Summon Small Mammal            Summoning                    1
   d - Apportation                    Translocation                1
 u - a book of Necromancy

   Spells                             Type                      Level
   a - Pain                           Necromancy                   1
   b - Animate Skeleton               Necromancy                   1
   c - Vampiric Draining              Necromancy                   3
   d - Regeneration                   Charms/Necromancy            3
   e - Animate Dead                   Necromancy                   4
   f - Control Undead                 Necromancy                   4
Comestibles
 f - 5 bread rations
 v - a royal jelly
 A - 2 meat rations
 F - 4 fruits


   Skills:
 + Level 5.7(5.3) Fighting
 + Level 2.1(1.7) Short Blades
 + Level 10.1(9.7) Bows
 + Level 4.4(4.1) Armour
 + Level 2.8(2.4) Dodging
 + Level 1.2(0.9) Stealth


You had 5 spell levels left.
You knew the following spells:

 Your Spells              Type           Power        Failure   Level  Hunger
a - Animate Skeleton      Necr           N/A          77%         1    ##.....
b - Pain                  Necr           #...         77%         1    ##.....


Dungeon Overview and Level Annotations

Branches:
Dungeon (8/15)             Temple (0/1) D:6
   Lair: D:8-11

Altars:
Elyvilon
Fedhas
Kikubaaqudgha
Okawaru
Trog
Xom
Zin

Shops:
D:7 [

Annotations:
D:8 Gastronok


Innate Abilities, Weirdness & Mutations

You reflexively headbutt those who attack you in melee.
You have a pair of horns on your head.


Message History

Gastronok is severely wounded.
Gastronok makes a strange noise.
Gastronok waves his eye-stalks in wide circles.
The air twists around and strikes you!
* * * LOW HITPOINT WARNING * * *
The iguana bites you.
* * * LOW HITPOINT WARNING * * *
You feel much better. The iguana bites you.
Wield which item (- for none, * to show all)? (? for menu, Esc to quit)
b - a +1 short sword (weapon)
Gastronok bites you!!
* * * LOW HITPOINT WARNING * * *
You hit Gastronok but do no damage. You headbutt Gastronok!
Gastronok is almost dead.
The iguana bites you!
* * * LOW HITPOINT WARNING * * *
You hit Gastronok. You headbutt Gastronok.
Gastronok is almost dead.
The iguana barely misses you. Gastronok bites you!
You die...

#. ........###.###+#
.(.....#........ .(....#
#.....# (....# #.....#
(...#.#.....#
(..#.#.....###
#wl#.#.......#
#######@.#.#....##.#
.........#.#....<#.#
...........#.#####.#
.................#†#
........#.##..##.#.#
........#..#.....#.#
........##.#.....#.#####
........##.#.....#.##...
........##....##.#.##.##


You could see Gastronok and an iguana.

Vanquished Creatures
  An ice beast (D:5)
  2 centaurs
  A bullfrog (D:8)
  A water moccasin zombie (D:7)
  2 elf skeletons (D:4)
  5 wights (D:6)
  2 human zombies (D:4)
  2 hounds
  2 bullfrog skeletons
  6 orc wizards
  A gnoll shaman (D:4)
  Terence (D:2)
  3 iguanas
  4 worker ants
  A hound skeleton (D:7)
  A hound zombie (D:6)
  A worker ant zombie (D:6)
  3 gnolls
  6 adders
  3 oozes
  An adder skeleton (D:7)
  3 worms
  4 dart slugs
  3 leopard geckos
  19 orcs
  A ball python (D:2)
  8 giant cockroaches
  4 goblins
  5 hobgoblins
  3 jackals (D:7)
  4 quokkas
  6 bats
  5 frilled lizards
  9 kobolds
  A leopard gecko skeleton (D:5)
  2 orc skeletons (D:4)
  6 rats
  A bush (D:4)
133 creatures vanquished.

Notes
Turn   | Place    | Note
-------+----------+-------------------------------------------
     0 | D:1      | Alfie the Minotaur Hunter began the quest for the Orb.
     0 | D:1      | Reached XP level 1. HP: 18/18 MP: 0/0
   233 | D:1      | Reached XP level 2. HP: 25/25 MP: 1/1
   304 | D:1      | Reached skill level 5 in Bows
   789 | D:2      | Noticed Terence
   804 | D:2      | Killed Terence
   804 | D:2      | Reached XP level 3. HP: 23/30 MP: 2/2
   913 | D:2      | Found a faded altar of an unknown god.
   967 | D:2      | Found a bloodstained altar of Trog.
  1004 | D:2      | Reached XP level 4. HP: 38/38 MP: 3/3
  1005 | D:2      | Found an iron altar of Okawaru.
  1411 | D:3      | Learned a level 1 spell: Animate Skeleton
  1421 | D:3      | Reached skill level 6 in Bows
  1608 | D:3      | Found a white marble altar of Elyvilon.
  1828 | D:3      | Learned a level 1 spell: Pain
  1895 | D:3      | Reached XP level 5. HP: 45/45 MP: 4/4
  2161 | D:3      | Reached skill level 1 in Armour
  2283 | D:4      | Noticed a centaur
  2315 | D:4      | Found a blossoming altar of Fedhas.
  2316 | D:4      | Killed a centaur
  2316 | D:4      | Reached skill level 7 in Bows
  2316 | D:4      | Reached skill level 1 in Stealth
  2316 | D:4      | Reached XP level 6. HP: 13/52 MP: 5/5
  2440 | D:4      | Found an ancient bone altar of Kikubaaqudgha.
  2862 | D:4      | Reached skill level 1 in Short Blades
  2862 | D:4      | Reached skill level 8 in Bows
  2880 | D:4      | Reached XP level 7. HP: 22/59 MP: 6/6
  3338 | D:4      | Found a glowing silver altar of Zin.
  3386 | D:5      | Entered Level 5 of the Dungeon
  4636 | D:6      | Found a staircase to the Ecumenical Temple.
  4673 | D:6      | Reached skill level 9 in Bows
  4855 | D:6      | Found a shimmering altar of Xom.
  4953 | D:6      | Reached skill level 5 in Fighting
  5025 | D:6      | Reached XP level 8. HP: 64/68 MP: 7/7
  5850 | D:7      | Found Duloczei's Armour Boutique.
  6020 | D:7      | Reached skill level 10 in Bows
  6373 | D:8      | Noticed Gastronok
  6397 | D:8      | Mangled by Gastronok

Skill      XL: |  1  2  3  4  5  6  7  8 |
---------------+-------------------------+-----
Bows           | 5 6 7 8 9 10 | 10.1
Fighting       | 3 4 5 |  5.7
Armour         | 1 2 3 4 |  4.4
Stealth        | 1 |  1.2
Short Blades   | 1 2 |  2.1
Dodging        | |  2.8

Action                   |  1- 3 |  4- 6 |  7- 9 || total
-------------------------+-------+-------+-------++-------
Melee: Short sword       |     6 |   106 |     4 ||   116
       Headbutt          |       |    42 |     2 ||    44
 Fire: Shortbow          |   105 |   124 |   281 ||   510
  Use: Scroll            |     4 |     2 |    13 ||    19
       Potion            |       |     1 |    11 ||    12
  Eat: Bread ration      |       |     2 |     2 ||     4
Armor: Leather armour    |    12 |       |       ||    12
       Scale mail        |    13 |    27 |    31 ||    71
Dodge: Dodged            |    29 |    45 |    62 ||   136
